 Dungeon Crawl Stone Soup version 0.29.0-4-gdea44cf6ec (webtiles) character file.

Game seed: 6472514840198496931

154 qw the Chopper (level 5, -1/45 HPs)
             Began as a Minotaur Berserker on Sept 10, 2022.
             Was a Believer of Trog.
             Slain by Sigmund
             ... wielding a +3 scythe
              (7 damage)
             ... on level 3 of the Dungeon.
             The game lasted 00:00:55 (2720 turns).

qw the Chopper (Minotaur Berserker)                 Turns: 2720, Time: 00:00:55

Health: -1/45      AC:  9    Str: 24    XL:     5   Next: 13%
Magic:  4/4        EV:  8    Int:  4    God:    Trog [**....]
Gold:   58         SH:  0    Dex:  9    Spells: 4/4 levels left

rFire   . . .      SeeInvis .   Y - +0 hand axe (drain)
rCold   + . .      Faith    .   (no shield)
rNeg    . . .      Spirit   .   b - +0 chain mail
rPois   .          Reflect  .   (helmet restricted)
rElec   .          Harm     .   (no cloak)
rCorr   .          Rampage  .   (no gloves)
Will    .....                   i - +0 pair of boots
Stlth   ..........              (no amulet)
HPRegen 0.15/turn               f - ring of protection from cold
MPRegen 0.09/turn               (no ring)

@: on berserk cooldown, slowed, very slow
A: horns 2, retaliatory headbutt
a: Renounce Religion, Berserk, Trog's Hand


You were on level 3 of the Dungeon.
You worshipped Trog.
Trog was pleased with you.
You visited 1 branch of the dungeon, and saw 3 of its levels.

You collected 58 gold pieces.


Innate Abilities, Weirdness & Mutations

You have a pair of horns on your head.
You reflexively headbutt those who attack you in melee.


   Skills:
 - Level 3.6 Fighting
 + Level 6.9 Axes
 - Level 1.0 Throwing
 - Level 2.4 Armour
 - Level 2.1 Dodging


You had 4 spell levels left.
You didn't know any spells.
Your spell library was empty.

Inventory:

Hand Weapons
 l - a +0 whip
 Y - a +0 hand axe of draining (weapon)
Missiles
 e - a javelin (quivered)
Armour
 b - a +0 chain mail (worn)
 i - a +0 pair of boots (worn)
Jewellery
 f - a ring of protection from cold (left hand)
Scrolls
 j - a scroll of identify
Potions
 c - a potion of curing {unknown}
 g - a potion of resistance
 k - a potion of might

Dungeon Overview and Level Annotations

Branches:
Dungeon (3/15)

Altars:

Annotations:
D:3 Sigmund


Message History

Sigmund laughs darkly.
Sigmund casts a spell.
Sigmund flickers and vanishes!
Deactivating autopickup; reactivate with Ctrl-A.
You swing at nothing.
You feel a strong urge to attack something.
Something hits you!
You swing at nothing.
A giant cockroach comes into view.
You feel your anger nearly subside.
You hear some strange, mumbled words.
You are confused.
You're too confused to move!
You are no longer berserk.
You are exhausted.
You feel yourself slow down. Something hits you.
Something hits you but does no damage.
Found a scroll labelled DIORAU SISOEZ.
The giant cockroach bites you but does no damage.
Something hits you!
You closely miss the giant cockroach.
Your headbutt misses the giant cockroach.
You feel less confused.
The giant cockroach waves its antennae.
The giant cockroach bites you but does no damage. x2
Something hits you.
You closely miss the giant cockroach. The giant cockroach bites you.
You barely miss the giant cockroach.
The giant cockroach bites you but does no damage.
Something hits you. The giant cockroach misses you.
You hit the giant cockroach.
The giant cockroach is moderately wounded.
A magic dart appears from out of thin air!
The magic dart hits you.
The giant cockroach bites you but does no damage.
Something hits you! The giant cockroach bites you.
You hit the giant cockroach.
The giant cockroach is almost dead.
The giant cockroach barely misses you. Something hits you!
You die...

#...................#
###....##...........#
######..)......####..
#.........#....# ..
#.........#....#
#.....#####....# .
#.....#####....#..
#................?
#.........@B......
#.................
#.........{.......
####..............
#..............
................
.................
..........?......
........###......


You could see a giant cockroach.

Vanquished Creatures
  A necrophage (D:3)
  2 adders (D:2)
  8 orcs (D:3)
  6 endoplasms
  4 giant cockroaches
  5 goblins
  5 hobgoblins
  4 jackals (D:1)
  4 ball pythons
  4 bats
  5 frilled lizards
  7 kobolds
  6 rats
61 creatures vanquished.

Vanquished Creatures (others)
  7 plants (D:1)
7 creatures vanquished.

Grand Total: 68 creatures vanquished

Notes
Turn   | Place    | Note
-------+----------+-------------------------------------------
     0 | D:1      | qw the Minotaur Berserker began the quest for the Orb.
     0 | D:1      | Reached XP level 1. HP: 19/19 MP: 0/0
     0 | D:1      | 0 ||| qw: Version: 0.1-a-116-g5d60599
     0 | D:1      | 0 ||| qw: Game counter: 7420
     0 | D:1      | 0 ||| qw: Always use a shield: true
     0 | D:1      | 0 ||| qw: Do Orc after D:15 true
     0 | D:1      | 0 ||| qw: Do second Lair branch before Depths: true
     0 | D:1      | 0 ||| qw: Lair rune preference: random
     0 | D:1      | 0 ||| qw: Plans: Normal
     0 | D:1      | 0 ||| PLANNING D:1-11
    52 | D:1      | Reached skill level 4 in Axes
    92 | D:1      | 92 ||| Stepping ~*~*~tactically~*~*~ (stealth).
    97 | D:1      | Reached XP level 2. HP: 23/26 MP: 1/1
   102 | D:1      | 102 ||| Stepping ~*~*~tactically~*~*~ (stealth).
   104 | D:1      | 104 ||| Stepping ~*~*~tactically~*~*~ (stealth).
   105 | D:1      | 105 ||| Stepping ~*~*~tactically~*~*~ (stealth).
   106 | D:1      | 106 ||| Stepping ~*~*~tactically~*~*~ (stealth).
   107 | D:1      | 107 ||| Stepping ~*~*~tactically~*~*~ (stealth).
   108 | D:1      | 108 ||| Stepping ~*~*~tactically~*~*~ (stealth).
   137 | D:1      | 137 ||| Stepping randomly (stuck).
   428 | D:1      | Found a faded altar of an unknown god.
   595 | D:1      | Reached skill level 5 in Axes
   597 | D:1      | 597 ||| Stepping ~*~*~tactically~*~*~ (water).
  1012 | D:1      | Reached XP level 3. HP: 31/31 MP: 2/2
  1353 | D:1      | 1353 ||| UPGRADING to +0 scale mail.
  1363 | D:1      | 1363 ||| DROPPING +0 animal skin.
  1364 | D:1      | 1364 ||| UPGRADING to +0 pair of boots.
  1369 | D:1      | 1369 ||| UPGRADING to ring of protection from cold.
  1370 | D:1      | 1370 ||| DRINKING 2 fizzy sapphire potions.
  1410 | D:2      | 1410 ||| STAIRDANCE
  1447 | D:2      | Reached skill level 1 in Throwing
  1531 | D:2      | Reached ** piety under Trog
  1532 | D:2      | 1532 ||| FLEEEEING.
  1533 | D:2      | 1533 ||| FLEEEEING.
  1534 | D:2      | 1534 ||| FLEEEEING.
  1536 | D:2      | 1536 ||| FLEEEEING.
  1537 | D:2      | 1537 ||| FLEEEEING.
  1645 | D:2      | 1645 ||| Stepping ~*~*~tactically~*~*~ (stealth).
  1822 | D:2      | 1822 ||| Stepping ~*~*~tactically~*~*~ (hiding).
  1856 | D:2      | 1856 ||| DROPPING +0 club.
  2082 | D:2      | 2082 ||| READING scroll labelled HOTTYI JUUCHESM.
  2083 | D:2      | 2083 ||| READING scroll labelled ZOANTE NEVUE.
  2084 | D:2      | 2084 ||| READING 2 scrolls labelled RECUMM QASTRATH.
  2085 | D:2      | 2085 ||| DROPPING +0 flail.
  2086 | D:2      | 2086 ||| READING scroll of brand weapon.
  2086 | D:2      | 2086 ||| BRANDING +0 hand axe of flaming.
  2132 | D:2      | 2132 ||| DRINKING 2 murky inky potions.
  2182 | D:3      | 2182 ||| Stepping ~*~*~tactically~*~*~ (stealth).
  2192 | D:3      | 2192 ||| Stepping ~*~*~tactically~*~*~ (stealth).
  2193 | D:3      | 2193 ||| Stepping ~*~*~tactically~*~*~ (stealth).
  2256 | D:3      | Noticed a necrophage
  2259 | D:3      | Reached XP level 4. HP: 37/39 MP: 3/3
  2268 | D:3      | Killed a necrophage
  2269 | D:3      | Reached skill level 6 in Axes
  2380 | D:3      | Reached XP level 5. HP: 45/45 MP: 4/4
  2433 | D:3      | 2433 ||| Stepping ~*~*~tactically~*~*~ (stealth).
  2434 | D:3      | 2434 ||| DROPPING +0 club.
  2443 | D:3      | 2443 ||| FLEEEEING.
  2444 | D:3      | 2444 ||| FLEEEEING.
  2450 | D:3      | 2450 ||| FLEEEEING.
  2452 | D:3      | 2452 ||| FLEEEEING.
  2453 | D:3      | 2453 ||| FLEEEEING.
  2458 | D:3      | 2458 ||| FLEEEEING.
  2459 | D:3      | 2459 ||| FLEEEEING.
  2460 | D:3      | 2460 ||| FLEEEEING.
  2461 | D:3      | 2461 ||| FLEEEEING.
  2462 | D:3      | 2462 ||| FLEEEEING.
  2463 | D:3      | 2463 ||| FLEEEEING.
  2472 | D:3      | 2472 ||| FLEEEEING.
  2477 | D:3      | 2477 ||| FLEEEEING.
  2478 | D:3      | 2478 ||| FLEEEEING.
  2479 | D:3      | 2479 ||| FLEEEEING.
  2480 | D:3      | 2480 ||| FLEEEEING.
  2481 | D:3      | 2481 ||| FLEEEEING.
  2482 | D:3      | 2482 ||| FLEEEEING.
  2488 | D:3      | 2488 ||| FLEEEEING.
  2489 | D:3      | 2489 ||| FLEEEEING.
  2491 | D:3      | 2491 ||| FLEEEEING.
  2492 | D:3      | 2492 ||| FLEEEEING.
  2493 | D:3      | 2493 ||| FLEEEEING.
  2494 | D:3      | 2494 ||| FLEEEEING.
  2495 | D:3      | 2495 ||| FLEEEEING.
  2496 | D:3      | 2496 ||| FLEEEEING.
  2497 | D:3      | 2497 ||| FLEEEEING.
  2498 | D:3      | 2498 ||| FLEEEEING.
  2499 | D:3      | 2499 ||| FLEEEEING.
  2500 | D:3      | 2500 ||| FLEEEEING.
  2501 | D:3      | 2501 ||| FLEEEEING.
  2502 | D:3      | 2502 ||| FLEEEEING.
  2503 | D:3      | 2503 ||| FLEEEEING.
  2504 | D:3      | 2504 ||| FLEEEEING.
  2505 | D:3      | 2505 ||| FLEEEEING.
  2506 | D:3      | 2506 ||| STAIRDANCE
  2541 | D:2      | 2541 ||| UPGRADING to +0 chain mail.
  2551 | D:2      | 2551 ||| DROPPING scarf of shadows.
  2552 | D:2      | 2552 ||| DROPPING +0 scale mail.
  2553 | D:2      | 2553 ||| DROPPING +0 robe of resistance.
  2556 | D:3      | 2556 ||| STAIRDANCE
  2706 | D:3      | Noticed Sigmund
  2709 | D:3      | 2709 ||| INVOKING Berserk.
  2719 | D:3      | HP: 7/45 [something (7)]
  2720 | D:3      | Slain by Sigmund

Levels and vault maps discovered:
D:1:      erik_arrival_cave_to_civilisation [erik_arrival_cave_to_hall],
          layout_basic, dreamdust_ecumenical_altar_hidden_monk_grotto,
          serial_bayou, serial_bayou_lake_a, serial_bayou_pond_b,
          serial_bayou_pond_d, serial_bayou_lagoon_a
D:2:      layout_loops_cross, ebering_dispersal_statue_hall
D:3:      minmay_chambers_of_twos, layout_basic, minmay_ruptured, uniq_sigmund

Skill      XL: |  1  2  3  4 |
---------------+-------------+-----
Axes           | 4 5 6 |  6.9
Throwing       | 1 |  1.0
Fighting       | |  3.6
Armour         | |  2.4
Dodging        | |  2.1

Action                   |  1- 3 |  4- 6 || total
-------------------------+-------+-------++-------
Melee: Hand axe          |    49 |    32 ||    81
       Headbutt          |     6 |     2 ||     8
Throw: Javelin           |    45 |     6 ||    51
Invok: Berserk           |       |     1 ||     1
  Use: Scroll            |     4 |       ||     4
       Potion            |     2 |       ||     2
Armor: Animal skin       |     4 |       ||     4
       Scale mail        |     8 |     2 ||    10
       Chain mail        |       |    18 ||    18
Dodge: Dodged            |    24 |    10 ||    34

Table legend:
 A = Non-vault XP
 B = Vault XP
 C = Vault XP percentage of total XP
 D = Non-vault monster count
 E = Vault monster count
 F = Vault count percentage of total count
                 A         B        C        D         E       F
            +---------+---------+-------+---------+---------+-------
      Total |     210 |      10 |   4.5 |      55 |       6 |   9.8
            +---------+---------+-------+---------+---------+-------
        D:1 |      39 |       4 |   9.3 |      23 |       3 |  11.5
        D:2 |      49 |       0 |   0.0 |      16 |       0 |   0.0
        D:3 |     122 |       6 |   4.7 |      16 |       3 |  15.8
            +---------+---------+-------+---------+---------+-------
